 Dungeon Crawl Stone Soup version 0.22.0-75-g3901e79 (webtiles) character file.

35 troglodite the Sneak (level 3, 0/24 HPs)
             Began as an Octopode Assassin on Sept 14, 2018.
             Slain by a gnoll
             ... wielding a +0 halberd
              (18 damage)
             ... on level 2 of the Dungeon.
             The game lasted 00:03:50 (1113 turns).

troglodite the Sneak (Octopode Assassin)            Turns: 1113, Time: 00:03:50

Health: 0/24       AC:  1    Str: 11    XL:     3   Next: 35%
Magic:  3/3        EV: 13    Int: 13    God:
Gold:   64         SH:  0    Dex: 13    Spells: 2/2 levels left

rFire    . . .     SeeInvis .   o - -2 dagger (curse)
rCold    . . .     Gourm    .   (no shield)
rNeg     . . .     Faith    .   (helmet restricted)
rPois    .         Spirit   .   (no amulet)
rElec    .         Reflect  .   (no ring)
rCorr    .         Harm     .   (no ring)
MR       .....                  (no ring)
Stlth    ++++......             (no ring)
HPRegen  0.08/turn              (no ring)
MPRegen  0.08/turn              (no ring)
                                (no ring)
                                (no ring)

@: no status effects
A: almost no armour, stealthy swim, amphibious, 8 rings, constrict 8, camouflage
1, gelatinous body 1
a: no special abilities


You were on level 2 of the Dungeon.
You were not hungry.

You visited 1 branch of the dungeon, and saw 2 of its levels.

You collected 64 gold pieces.

Inventory:

Hand Weapons
 a - a +2 dagger
 b - a +0 blowgun
 o - a cursed -2 dagger (weapon)
Missiles
 c - 14 poisoned needles
 d - 2 curare-tipped needles
Scrolls
 h - 2 scrolls of teleportation
Potions
 e - a potion of lignification {unknown}
 l - a potion of mutation {unknown}
 m - a potion of curing {unknown}
 n - a potion of brilliance {unknown}
Comestibles
 f - 3 rations
 g - 8 chunks of flesh


   Skills:
 * Level 2.1 Fighting
 * Level 2.2 Short Blades
 * Level 2.2 Throwing
 * Level 1.5 Dodging
 * Level 6.2 Stealth


You had 2 spell levels left.
You didn't know any spells.
Your spell library was empty.

Dungeon Overview and Level Annotations

Branches:
Dungeon (2/15)

Altars:
Ashenzari
Kikubaaqudgha


Innate Abilities, Weirdness & Mutations

You cannot wear most types of armour.
You are very stealthy in the water. (Stealth+)
You are amphibious.
You can wear up to eight rings at the same time.
You can use your tentacles to constrict eight enemies at once.
Your skin changes colour to match your surroundings (Stealth+).
Your rubbery body absorbs attacks. (AC +1, EV +1)


Message History

It was a scroll of fear.
As you read the scroll labeled BIMAODGHAGU, it crumbles to dust.
The dust glows shimmering charcoal!
It was a scroll of random uselessness.
Your surroundings suddenly seem different.
Found 11 stones, a sedimented amethyst potion, 18 sling bullets and a robe.
e - a sedimented amethyst potion
There are no items here.
Eating one of 9 chunks of flesh.
You eat one of the 9 chunks of flesh.
This raw flesh tastes terrible.
The gnoll shouts!
A kobold comes into view. It is wielding a short sword.
The gnoll hits you from afar with a halberd.
The gnoll barely misses you.
You barely miss the gnoll. You grab the gnoll.
You constrict the gnoll, but do no damage.
You hit the gnoll but do no damage.
You squeeze the gnoll, but do no damage.
You constrict the gnoll. The gnoll hits you with a halberd!!
Ouch! That really hurt!
You die...

#..........# #.. #..........#
#####... ###### #..........#
#....#.####..... #.......####
#............... ###.......#
#....##......... ..........#
#....##......... #.........#####
#..........(....
#......##.....####....##...(.#...
#...... ##.....g@.....##.....#.##
#...g.. #.###.###..########.#.#
.K..... #.# #.# #..# #.#.#
....... #.# #+# #..# #.#.#
...###. #.. #..# #. [# .## .. #.#
##..# #.# #..# g #.# #..# # #..
...#


You could see a gnoll.

Vanquished Creatures
  A dart slug (D:1)
  A giant cockroach (D:2)
  12 goblins
  A hobgoblin (D:2)
  4 jackals (D:1)
  A ball python (D:1)
  4 bats (D:1)
  2 frilled lizards (D:1)
  4 rats (D:1)
30 creatures vanquished.

Notes
Turn   | Place    | Note
-------+----------+-------------------------------------------
     0 | D:1      | troglodite the Octopode Assassin began the quest for the
                  | Orb.
     0 | D:1      | Reached XP level 1. HP: 14/14 MP: 1/1
   155 | D:1      | Reached XP level 2. HP: 16/19 MP: 2/2
   402 | D:1      | Reached skill level 6 in Stealth
   478 | D:1      | Reached XP level 3. HP: 23/24 MP: 3/3
   968 | D:2      | Found a shattered altar of Ashenzari.
  1050 | D:2      | Found an ancient bone altar of Kikubaaqudgha.
  1113 | D:2      | Slain by a gnoll

Skill      XL: |  1  2 |
---------------+-------+-----
Stealth        | 6 |  6.2
Fighting       | |  2.1
Short Blades   | |  2.2
Throwing       | |  2.2
Dodging        | |  1.5

Action                   || total
-------------------------++-------
Melee: Dagger            ||    60
       Constrict         ||    15
       Tentacles         ||    10
  Use: Scroll            ||     4
 Stab: Sleeping          ||     6
  Eat: Chunk             ||     1
Armor: Skin              ||     1
Dodge: Dodged            ||    32
